 Dungeon Crawl Stone Soup version 0.31.0-11-ge490571c62 (webtiles) character file.

Game seed: 5360565013797075196

96 Amaterasu the Cutter (level 4, 0/21 (23) HPs)
             Began as a Vine Stalker Reaver on Jan 31, 2024.
             Succumbed to an orc's poison
             ... on level 3 of the Dungeon.
             The game lasted 00:03:40 (1485 turns).

Amaterasu the Cutter (Vine Stalker Reaver)          Turns: 1485, Time: 00:03:41

HP:   0/21 (23)     AC:  3    Str: 15    XL:     4   Next: 67%
MP:   0/9           EV: 11    Int: 13    God:
Gold: 135           SH:  0    Dex: 14    Spells: 7/8 levels left

rFire   x . .        a - +0 short sword
rCold   . . .        (no shield)
rNeg    . . .        b - +0 leather armour
rPois   .            (helmet currently unavailable)
rElec   .            (cloak currently unavailable)
rCorr   .            (gloves currently unavailable)
SInv    .            (boots currently unavailable)
Will    .....        (no amulet)
Stlth   +            c - ring of flight
HPRegen 1.03/turn    (no ring)
MPRegen 0.11/turn

%: guardian spirit
@: lethally poisoned (0 -> -12), beast-form, flying, drained
A: beast (slay +0), fangs 2, regeneration 1, magic shield, antimagic bite, no
potion heal 2, talons 1, heat vulnerability 1
a: Begin Untransformation


You were on level 3 of the Dungeon.
You were a hulking beast.
You visited 1 branch of the dungeon, and saw 3 of its levels.

You collected 135 gold pieces.

Inventory:

Hand Weapons
 a - a +0 short sword (weapon)
Armour
 b - a +0 leather armour (worn)
Jewellery
 c - a ring of flight (left hand)
 i - a ring of poison resistance
Talismans
 e - a beast talisman (active)
Scrolls
 k - a scroll of vulnerability {unknown}
 l - a scroll of summoning {unknown}
Potions
 f - a potion of brilliance {unknown}
 g - a potion of resistance {unknown}
 h - a potion of curing {unknown}
 j - a potion of cancellation {unknown}


   Skills:
 - Level 1.7 Fighting
 + Level 3.7 Short Blades
 - Level 1.5 Dodging
 * Level 2.9 Spellcasting
 - Level 3.0 Conjurations
 * Level 1.8 Necromancy
 * Level 1.0 Shapeshifting


You had 7 spell levels left.
You knew the following spells:

 Your Spells              Type           Power      Damage    Failure   Level
a - Kiss of Death         Conj/Necr      32%        2d7       11%         1

Your spell library contained the following spells:

 Spells                   Type           Power      Damage    Failure   Level
 Momentum Strike          Conj/Tloc      10%        3d8       24%         2
 Hailstorm                Conj/Ice       5%         3d5       43%         3


Dungeon Overview and Level Annotations

Branches:
Dungeon (3/15)

Altars:
Gozag


Innate Abilities, Weirdness & Mutations

You are a hulking beast.
Your limbs bulge with bestial killing power. (Slay +0)
You have extremely sharp teeth.
Your natural rate of healing is unusually fast.
When hurt, damage is shared between your health and your magic reserves.
Your bite disrupts and absorbs the magic of your enemies.
Potions cannot restore your health.
You have sharp toenails.
You are vulnerable to heat. (rF-)


Message History

You hit the orc.
You kill the orc!
The orc hits you from afar with a +3 trident of venom.
You are poisoned.
You feel very sick.
Things that are here:
a +0 flail; a +0 leather armour; a +0 war axe You hit the orc but do no damage.
You punch the orc.
The orc is moderately wounded.
You feel sick. The orc closely misses you.
Casting: Kiss of Death (safe; 12% risk of failure)
Confirm with . or Enter, or press ? or * to list all spells.
Aiming: Kiss of Death (safe; 12% risk of failure)
Press: ? - help, Shift-Dir - straight line, f - orc priest
Aim: an orc priest, wielding a +0 mace and wearing a +0 ring mail (100% to hit)
The negative energy hits the orc priest!
The orc priest is drained!
The orc priest is almost dead.
You feel drained.
You feel sick.
An orc comes into view. It is wielding a +0 short sword.
The orc hits you with a +3 trident of venom.
The orc priest hits you with a +0 mace.
You hit the orc priest but do no damage.
You bite the orc priest.
You kill the orc priest!
You feel sick.
Your Shapeshifting skill increases to level 1!
You feel sick.
The orc hits you from afar with a +3 trident of venom.
* * * LOW HITPOINT WARNING * * *
You are more poisoned.
* * * LOW HITPOINT WARNING * * *
You feel very sick. The orc attacks as it pursues you!
The orc hits you from afar with a +3 trident of venom.
* * * LOW HITPOINT WARNING * * *
You are more poisoned.
It was a potion of mutation.
You feel extremely strange.
You feel vulnerable to heat.
Your toenails lengthen and sharpen.
You die...

#..).....
#.#####+####
#.##.......#
#.##.⌠...⌠.# #
#.##.......##.#
#..'.).⌠...)..#
####.....oo#..#
#.⌠...⌠.##o#
#.....h.#


o.o ####+#### ... ##.# ... ## You could see 2 orcs.

Vanquished Creatures
  2 orc priests (D:3)
  A dart slug (D:1)
  2 orcs (D:3)
  2 ball pythons (D:1)
  5 endoplasms
  A giant cockroach (D:2)
  A hobgoblin (D:1)
  2 quokkas (D:1)
  2 bats (D:1)
  7 frilled lizards
  5 kobolds
  3 rats
33 creatures vanquished.

Notes
Turn   | Place    | Note
-------+----------+-------------------------------------------
     0 | D:1      | Amaterasu the Vine Stalker Reaver began the quest for the
                  | Orb.
     0 | D:1      | Reached XP level 1. HP: 11/11 MP: 4/4
   180 | D:1      | Reached XP level 2. HP: 15/15 MP: 4/6
   495 | D:1      | Reached skill level 1 in Necromancy
   615 | D:1      | Found an opulent altar of Gozag.
  1009 | D:2      | Reached XP level 3. HP: 17/18 MP: 4/7
  1454 | D:3      | Reached XP level 4. HP: 7/23 MP: 1/9
  1483 | D:3      | Reached skill level 1 in Shapeshifting
  1485 | D:3      | Gained mutation: You are vulnerable to heat. (rF-) [potion
                  | of mutation]
  1485 | D:3      | Gained mutation: You have sharp toenails. [potion of
                  | mutation]
  1485 | D:3      | Succumbed to an orc's poison

Illustrated notes

Levels and vault maps discovered:
D:1:      dpeg_arrival_water_altar, layout_basic, hex_intersection
D:2:      layout_rooms, serial_bayou_pond_e, minmay_lizard_pond
D:3:      minmay_chambers_of_threes, layout_loops_ring, serial_glass,
          glass_columns_a, glass_columns_b, minmay_fountain_box

Skill      XL: |  1  2  3  4 |
---------------+-------------+-----
Short Blades   | 3 |  3.7
Necromancy     | 1 |  1.8
Shapeshifting  | 1 |  1.0
Fighting       | |  1.7
Dodging        | |  1.5
Spellcasting   | |  2.9
Conjurations   | |  3.0

Action                     |  1- 3 |  4- 6 || total
---------------------------+-------+-------++-------
  Melee: Short sword       |    96 |     4 ||   100
         Bite              |    27 |     2 ||    29
         Punch             |     1 |     1 ||     2
   Cast: Kiss of Death     |     1 |     1 ||     2
    Use: Scroll            |     1 |       ||     1
         Potion            |       |     1 ||     1
 Armour: Leather armour    |    42 |     6 ||    48
  Dodge: Dodged            |    49 |     4 ||    53
   Form: Beast             |     1 |       ||     1
